AoeStats
← IIErich

Arabia

510184869Analyzed
1v1 RM · 2d ago on Sep 29, 2026· 27m 54s· 2 players
Game mode
Random Map
Map size
Tiny (2 player)
Population
200
Speed
Normal
Resources
Standard
Victory
Conquest
Starting age
Dark Age
Ending age
Imperial Age
RankedLock teamsTeams togetherTeam positionsShared explorationLock speedFull tech treeHidden civsTurbo modeCheats
Victory
Defeat
🇮🇳 Malay · India
661
+15
🇧🇷 Spanish · Brazil
643
-15
IIErich
9:18 Loom
11:05 Feudal Age
12:10 Horse Collar
12:32 Double-Bit Axe
21:06 Castle Age
21:11 Bloodlines
23:48 Gold Mining
darCwader
7:58 Loom
11:20 Feudal Age
11:01 Horse Collar
18:33 Castle Age
17:10 Double-Bit Axe
17:47 Gold Mining
Connection lost

Rejoining the realm…

Still unreachable

The connection could not be restored.

Session expired

The server has moved on; the page needs a fresh start.